 Dungeon Crawl Stone Soup version 0.31-a0-1093-gadecf4124d (webtiles) character file.

Game seed: 8510852143720566378

1543 Azuregosa the Covert (level 8, 0/52 HPs)
             Began as an Octopode Delver on Nov 29, 2023.
             Was an Initiate of Dithmenos.
             Succumbed to an orc warrior zombie's poison
             ... on level 6 of the Dungeon.
             The game lasted 00:15:28 (6157 turns).

Azuregosa the Covert (Octopode Delver)              Turns: 6157, Time: 00:15:28

Health: 0/52       AC:  1    Str: 11    XL:     8   Next: 87%
Magic:  16/16      EV: 18    Int: 14    God:    Dithmenos [......]
Gold:   321        SH:  0    Dex: 14    Spells: 15/18 levels left

rFire   . . .        o - +5 dire flail (holy)
rCold   . . .        (shield currently unavailable)
rNeg    . . .        (helmet restricted)
rPois   .            (no amulet)
rElec   .            r - +5 ring of evasion
rCorr   .            t - ring of willpower
SInv    .            (no ring)
Will    +....        (no ring)
Stlth   +++++        (no ring)
HPRegen 0.28/turn    (no ring)
MPRegen 0.15/turn    (no ring)
                     (no ring)

%: no passive effects
@: lethally poisoned (0 -> -31)
A: almost no armour, amphibious, 8 rings, camouflage 1, gelatinous body 1,
(nimble swimmer 1), tentacles
a: Renounce Religion


You were on level 6 of the Dungeon.
You worshipped Dithmenos.
Dithmenos was noncommittal.
You visited 1 branch of the dungeon, and saw 6 of its levels.

You collected 321 gold pieces.

Inventory:

Hand Weapons
 a - a +0 mace
 m - a +2 dagger of venom
 o - a +5 dire flail of holy wrath (weapon)
 q - a +3 dagger of draining
Missiles
 c - 46 stones
 p - 3 javelins
Jewellery
 r - a +5 ring of evasion (left tentacle)
 t - a ring of willpower (right tentacle)
Talismans
 h - a serpent talisman
Wands
 f - a wand of digging (3)
 i - a wand of acid (8)
 s - a wand of flame (20)
Scrolls
 b - a scroll of fog
 d - a scroll of fear
 g - 2 scrolls of identify
 n - 2 scrolls of teleportation
 v - a scroll of poison
 w - a scroll of immolation {unknown}
 x - a scroll of blinking {unknown}
Potions
 e - 2 potions of haste
 j - 2 potions of heal wounds
 k - 4 potions of curing
 l - 2 potions of attraction
 u - 2 potions of lignification
 z - a potion of resistance


   Skills:
 - Level 3.0 Fighting
 - Level 2.0 Maces & Flails
 - Level 2.0 Dodging
 - Level 10.0 Stealth
 + Level 5.9 Spellcasting
 + Level 6.5 Air Magic


You had 15 spell levels left.
You knew the following spells:

 Your Spells              Type           Power      Damage    Failure   Level
a - Swiftness             Air            22%        N/A       3%          3

Your spell library contained the following spells:

 Spells                   Type           Power      Damage    Failure   Level
 Shock                    Conj/Air       52%        1d6       4%          1
 Airstrike                Air            11%        2d(2-18)  11%         4
 Apportation              Tloc           8%         N/A       16%         1
 Necrotise                Necr           16%        1d4       16%         1
 Summon Small Mammal      Summ           16%        N/A       16%         1
 Dazzling Flash           Conj/Hex       8%         N/A       43%         3
 Gell's Gravitas          Tloc           4%         N/A       43%         3
 Ignite Poison            Fire/Tmut/Pois 4%         N/A       43%         3
 Ozocubu's Armour         Ice            4%         N/A       43%         3
 Volatile Blastmotes      Fire/Tloc      8%         2d10      43%         3
 Passage of Golubria      Tloc           4%         N/A       85%         4
 Sticky Flame             Conj/Fire      4%         2d3       85%         4
 Metabolic Englaciation   Hex/Ice        2%         N/A       99%         5
 Simulacrum               Ice/Necr       2%         N/A       100%        6
 Starburst                Conj/Fire      2%         6d3       100%        6
 Disjunction              Tloc           2%         N/A       100%        8
 Ignition                 Fire           2%         3d3       100%        8
 Maxwell's Capacitive Co  Air            11%        ∞         100%        8


Dungeon Overview and Level Annotations

Branches:
Dungeon (6/15)
 Temple: D:4-7

Altars:
Dithmenos
Nemelex Xobeh
Uskayaw
Wu Jian

Shops:
D:5 ?

Annotations:
D:5 Eustachio
D:6 1 transporter


Innate Abilities, Weirdness & Mutations

You cannot wear most types of armour.
You are amphibious.
You can wear up to eight rings at the same time.
Your skin changes colour to match your surroundings (Stealth+).
Your rubbery body absorbs attacks. (AC +1, EV +1)
((You are camouflaged when in or above water. (Stealth+)))
You have tentacles for arms and can constrict up to eight enemies at once.


Message History

You squeeze the hound, but do no damage.
You constrict the hound. The hound closely misses you. The hound bites you.
You hit the hound. You squeeze the hound!
The hound is almost dead.
You constrict the hound.
You kill the hound!
Dithmenos accepts your kill.
Found a falchion.
Found a transporter.
You see here a +0 plate armour.
Found 5 poisoned darts and 10 gold pieces.
There is a transporter landing site here.
Items here: )) [[.
Items here: )) [[.
There is a stone staircase leading up here.
You see here a +0 plate armour.
Partly explored, unvisited transporter.
There is an open door here.
There is a sparkling altar of Nemelex Xobeh here.
There is a transporter here.
You enter the transporter and appear at another place.
z - a potion of resistance
There are no items here.
You open the gate.
There is an open gate here.
There is an open gate here.
You are engulfed in poison gas.
You are poisoned.
You feel very sick.
You are engulfed in poison gas.
You are more poisoned.
You feel very sick.
You are engulfed in poison gas.
You are more poisoned.
You feel very sick.
The orc warrior zombie hits you with a +3 mace of venom!
* * * LOW HITPOINT WARNING * * *
You are more poisoned.
* * * LOW HITPOINT WARNING * * *
You feel extremely sick.
The orc warrior zombie completely misses you.
The orc warrior zombie attacks as it pursues you!
The orc warrior zombie completely misses you.
You die...

.#.######## #.## ..........# #..#
.#.######.## ##.## .#.....[[..#
####### #..# ......###..#
#°○○○☼##########.# #####.# #..#
##○☼○°°#°.°○☼○###.# ......#
#..####○°.☼○#○°○○..#...#
.########.....#)[.°○○.#.#○○#...#
<............©#©@.○○○...©○○#©..##
#########[##..#($.Z○°.#.#..#....#
........#..####○○°Z○#°°°..°####.#
#######.#..# ##°○○○○#°°°°°○# #..
#.##.# #○°.○☼######## ##. #....#
####### ## ###### # #


You could see 2 orc warrior zombies.

Vanquished Creatures
  Edmund (D:4)
  An ice beast (D:5)
  A sky beast (D:6)
  A black bear (D:4)
  A phantom (D:5)
  2 bullfrogs (D:6)
  5 scorpions
  4 wights (D:6)
  3 hounds
  5 iguanas
  Natasha (thrice) (D:4 D:6)
  8 adders
  A dart slug (D:1)
  3 worms
  10 orcs
  5 ball pythons
  5 bats
  8 endoplasms
  5 giant cockroaches
  7 goblins
  9 hobgoblins
  4 quokkas
  2 kobolds
  5 rats
99 creatures vanquished.

Notes
Turn   | Place    | Note
-------+----------+-------------------------------------------
     0 | D:5      | Azuregosa the Octopode Delver began the quest for the Orb.
     0 | D:5      | Reached XP level 1. HP: 16/16 MP: 1/1
    75 | D:4      | Noticed a black bear
    81 | D:4      | Reached skill level 7 in Stealth
    81 | D:4      | Reached XP level 2. HP: 21/21 MP: 2/2
    83 | D:4      | Noticed Natasha
    92 | D:4      | Killed Natasha
    93 | D:4      | Reached skill level 8 in Stealth
    93 | D:4      | Reached XP level 3. HP: 4/26 MP: 3/3
   202 | D:4      | Reached XP level 4. HP: 9/31 MP: 4/4
   320 | D:4      | Noticed Natasha
   330 | D:4      | Killed Natasha
   331 | D:4      | Reached skill level 9 in Stealth
   682 | D:1      | Reached XP level 5. HP: 36/36 MP: 5/5
  1566 | D:2      | Learned a level 3 spell: Swiftness
  1901 | D:3      | Reached skill level 10 in Stealth
  1981 | D:3      | Found an ornate altar of the Wu Jian Council.
  2689 | D:4      | Reached skill level 1 in Spellcasting
  2689 | D:4      | Reached skill level 1 in Air Magic
  2689 | D:4      | Reached XP level 6. HP: 32/42 MP: 7/7
  2709 | D:4      | Got the Tome of Discontinuous Oxidation
  2824 | D:4      | Noticed Edmund
  2829 | D:4      | Killed Edmund
  2890 | D:4      | Found a shadowy altar of Dithmenos.
  2897 | D:4      | Became a worshipper of Dithmenos the Shadowed
  2912 | D:4      | Found a hide-covered altar of Uskayaw.
  3445 | D:4      | Killed a black bear
  3446 | D:4      | Reached XP level 7. HP: 46/46 MP: 9/11
  4015 | D:5      | Noticed Eustachio
  4299 | D:5      | Found Bynos's Magic Scroll Shop.
  4420 | D:5      | Reached XP level 8. HP: 29/52 MP: 14/14
  5123 | D:5      | Reached skill level 5 in Air Magic
  5314 | D:6      | Reached skill level 5 in Spellcasting
  5435 | D:6      | Found a transporter.
  5472 | D:6      | Reached * piety under Dithmenos
  5701 | D:6      | Noticed Natasha
  5703 | D:6      | Killed Natasha
  5872 | D:6      | Found a sparkling altar of Nemelex Xobeh.
  5967 | D:6      | Found a transporter.
  6157 | D:6      | Succumbed to an orc warrior zombie's poison

Illustrated notes

Levels and vault maps discovered:
D:1:      lemuel_arrival_muddy, layout_basic
D:2:      layout_basic
D:3:      layout_loops_corners, nzn_wu_jian_council_hall, minmay_bisected
D:4:      layout_basic, old_standard_altar, mainiacjoe_overflow_small_starburst,
          nicolae_concentric_dashed_squares_wild, uniq_edmund, uniq_natasha
D:5:      layout_basic, serial_shops, shop, reono_crystal_passage,
          minmay_hedge_maze, uniq_eustachio
D:6:      gammafunk_cloud_chamber, layout_basic,
          nemelex_xobeh_ov_fountains_minmay

Skill      XL: |  1  2  3  4  5  6  7  8 |
---------------+-------------------------+-----
Stealth        | 7 8 9 10 | 10.0
Spellcasting   | 1 3 4 5 |  5.9
Air Magic      | 1 3 4 6 |  6.5
Fighting       | |  3.0
Maces & Flails | |  2.0
Dodging        | |  2.0

Action                     |  1- 3 |  4- 6 |  7- 9 || total
---------------------------+-------+-------+-------++-------
  Melee: Mace              |    21 |    29 |       ||    50
         Tentacles         |     7 |    24 |    23 ||    54
         Constrict         |     4 |    18 |    15 ||    37
         Dagger            |       |    62 |       ||    62
         Dire flail        |       |    16 |    81 ||    97
    Use: Scroll            |     1 |       |    11 ||    12
   Stab: Sleeping          |     2 |    34 |     5 ||    41
         Distracted        |       |     1 |     2 ||     3
 Armour: Skin              |    10 |    36 |    40 ||    86
  Dodge: Dodged            |    13 |    30 |    68 ||   111

Table legend: (Time is in decaauts)
 A = Elapsed time spent in this place.
 B = Non-inter-level travel time spent in this place.
 C = Inter-level travel time spent in this place.
 D = Time resting spent in this place.
 E = Time spent auto-exploring this place.
 F = Levels seen in this place.
 G = Mean time per level.
                   A        B        C        D        E       F      G
               +--------+--------+--------+--------+--------+-----+--------+
         Total |   6189 |   5733 |    456 |    893 |   3489 |   6 | 1031.5 |
       Dungeon |   6189 |   5733 |    456 |    893 |   3489 |   6 | 1031.5 |
               +--------+--------+--------+--------+--------+-----+--------+

Top non-repeatable levels by time:
     D:4: 1869 daAuts
     D:5: 1063 daAuts
     D:6: 976 daAuts
     D:3: 901 daAuts
     D:2: 777 daAuts
     D:1: 600 daAuts
